 Dungeon Crawl Stone Soup version 0.26.1-2-gb8aa6d0cf2 (webtiles) character file.

Game seed: 14842269263826382004

84 kylecrane the Ruffian (level 4, -3/35 HPs)
             Began as a Draconian Transmuter on Feb 19, 2021.
             Slain by a hobgoblin (5 damage)
             ... on level 3 of the Dungeon.
             The game lasted 00:03:53 (1334 turns).

kylecrane the Ruffian (Draconian Transmuter)        Turns: 1334, Time: 00:03:53

Health: -3/35      AC:  6    Str: 13    XL:     4   Next: 24%
Magic:  6/7        EV: 12    Int: 14    God:
Gold:   129        SH:  0    Dex: 11    Spells: 1/7 levels left

rFire    . . .     SeeInvis .     - Unarmed
rCold    . . .     Faith    .   (no shield)
rNeg     . . .     Spirit   .   (armour unavailable)
rPois    .         Reflect  .   (helmet currently unavailable)
rElec    .         Harm     .   b - +0 cloak
rCorr    .         Rampage  .   (no gloves)
Will     .....                  (boots currently unavailable)
Stlth    +.........             (no amulet)
HPRegen  0.11/turn              (no ring)
MPRegen  0.10/turn              (no ring)

@: appendages (expiring)
A: unfitting armour, horns 2, talons 2, cold-blooded, AC +5
a: End Transformation


You were on level 3 of the Dungeon.
You had grown temporary horns.
You had grown temporary talons.
You visited 1 branch of the dungeon, and saw 3 of its levels.

You collected 129 gold pieces.

Inventory:

Armour
 b - a +0 cloak (worn)
Scrolls
 a - 2 scrolls of teleportation {unknown}
 c - 2 scrolls of enchant weapon {unknown}
 e - a scroll of enchant armour {unknown}
 g - a scroll of magic mapping {unknown}
 h - a scroll of fog {unknown}
 i - a scroll of identify {unknown}
Potions
 d - 2 potions of degeneration {unknown}
 f - 3 potions of heal wounds {unknown}


   Skills:
 - Level 1.1 Fighting
 - Level 1.7 Dodging
 + Level 4.2 Unarmed Combat
 - Level 2.0 Spellcasting
 + Level 3.5 Transmutations


You had one spell level left.
You knew the following spells:

 Your Spells              Type           Power        Failure   Level
a - Beastly Appendage     Tmut           22%          5%          1
b - Wereblood             Tmut           11%          9%          2
c - Spider Form           Tmut/Pois      3%           34%         3

Your spell library contained the following spells:

 Spells                   Type           Power        Failure   Level
 Ice Form                 Ice/Tmut       6%           75%         4
 Blade Hands              Tmut           5%           83%         5


Dungeon Overview and Level Annotations

Branches:
Dungeon (3/15)

Altars:


Innate Abilities, Weirdness & Mutations

Your plain brown scales are hard. (AC +5)
You cannot fit into any form of body armour.
You are cold-blooded and may be slowed by cold attacks.
You have a pair of horns on your head.
You have razor-sharp toenails.


Message History

You closely miss something. Your kick misses something.
Your headbutt misses something. The hobgoblin barely misses you.
Something hits you.
* * * LOW HITPOINT WARNING * * *
The orc misses you.
You closely miss something. Your kick misses something. You headbutt something!
The hobgoblin hits you.
* * * LOW HITPOINT WARNING * * *
The orc hits you with a +0 short sword.
* * * LOW HITPOINT WARNING * * *
Something completely misses you.
Unknown command.
You closely miss something. Your headbutt misses something.
You tail-slap something. The hobgoblin hits you.
* * * LOW HITPOINT WARNING * * *
The orc misses you. Something hits you but does no damage.
Unknown command.
You miss something. You claw something. Your headbutt misses something.
The hobgoblin hits you.
You die...

#........w... #
#.
#...$....(.#..
#.###.#.
............#.#
......#.
##.............
........
...........>.#.
#.###.#.
.###..........#
#. #..#.
............ #.
#..#. #..go#.#
#.##.##.
#..{@#.#
#....... #
#...†#.#
#.†#....
#.#....#[#####
#..####.
#............#
#.)# #.
#.......####.#
#..# #.
#.........#
#.(####.
##...####.#
#....... ##..
#.#######.#####
#.. #...†.....#


You could see an orc and a hobgoblin.

Vanquished Creatures
  An orc priest (D:3)
  An adder (D:2)
  An ooze (D:1)
  2 worms
  A leopard gecko (D:3)
  A ball python (D:1)
  4 bats
  4 giant cockroaches
  2 goblins (D:1)
  4 hobgoblins
  3 kobolds (D:1)
  A quokka (D:3)
  3 frilled lizards (D:1)
  8 rats
36 creatures vanquished.

Notes
Turn   | Place    | Note
-------+----------+-------------------------------------------
     0 | D:1      | kylecrane the Draconian Transmuter began the quest for the
                  | Orb.
     0 | D:1      | Reached XP level 1. HP: 16/16 MP: 3/3
    75 | D:1      | Reached XP level 2. HP: 22/23 MP: 3/5
   725 | D:1      | Reached XP level 3. HP: 27/28 MP: 4/6
   896 | D:2      | Learned a level 2 spell: Wereblood
   900 | D:2      | Learned a level 3 spell: Spider Form
  1171 | D:2      | You fall into a shaft and drop 1 floor!
  1330 | D:3      | Reached skill level 4 in Unarmed Combat
  1330 | D:3      | Reached XP level 4. HP: 11/35 MP: 5/7
  1334 | D:3      | Slain by a hobgoblin

Illustrated notes

Levels and vault maps discovered:
D:1:      roderic_dead_forest, layout_basic
D:2:      layout_rooms
D:3:      layout_basic, eat_drink_and_be_merry_uskayaw

Skill      XL: |  1  2  3 |
---------------+----------+-----
Transmutations | 3 |  3.5
Unarmed Combat | 4 |  4.2
Fighting       | |  1.1
Dodging        | |  1.7
Spellcasting   | |  2.0

Action                   |  1- 3 |  4- 6 || total
-------------------------+-------+-------++-------
Melee: Unarmed           |    99 |     5 ||   104
       Tailslap          |     9 |     1 ||    10
       Kick              |    15 |     1 ||    16
       Punch             |     1 |       ||     1
       Headbutt          |     7 |     2 ||     9
 Cast: Beastly Appendage |    22 |       ||    22
Armor: Skin              |    30 |     1 ||    31
Dodge: Dodged            |    60 |     6 ||    66
